 Dungeon Crawl Stone Soup version 0.21.1-1-g345015f (webtiles) character file.

93 letownia3 the Conjurer (level 4, 16/30 HPs)
             Began as a Demonspawn Wizard on Feb 7, 2018.
             Quit the game on level 3 of the Dungeon.
             The game lasted 00:02:54 (1085 turns).

letownia3 the Conjurer (Demonspawn Wizard)          Turns: 1085, Time: 00:02:55

Health: 16/30      AC:  3    Str:  8    XL:     4   Next: 36%
Magic:  8/8        EV: 11    Int: 19    God:
Gold:   56         SH:  0    Dex: 12    Spells: 2/9 levels left

rFire    . . .     SeeInvis .   a - +0 dagger (freeze)
rCold    . . .     Gourm    .   (no shield)
rNeg     . . .     Faith    .   f - +0 leather armour
rPois    .         Spirit   .   b - +0 hat
rElec    .         Reflect  .   (no cloak)
rCorr    .         Harm     .   (no gloves)
MR       .....                  (no boots)
Stlth    ++........             (no amulet)
HPRegen  0.10/turn              (no ring)
MPRegen  0.11/turn              (no ring)

@: no status effects
A: antennae 1, demonic guardian 1, powered by death 1
a: no special abilities


You were on level 3 of the Dungeon.
You were not hungry.

You visited 1 branch of the dungeon, and saw 3 of its levels.

You collected 56 gold pieces.

Inventory:

Hand Weapons
 a - a +0 dagger of freezing (weapon)
Armour
 b - a +0 hat (worn)
 f - a +0 leather armour (worn)
 i - a cursed +0 scale mail
 j - a +0 robe
Scrolls
 e - a scroll of remove curse {unknown}
 h - 2 scrolls of identify {unknown}
 l - a scroll of fog {unknown}
 n - a scroll of noise {unknown}
Potions
 g - a potion of flight {unknown}
 m - 2 potions of heal wounds {unknown}
Books
 c - a book of Minor Magic

   Spells                             Type                      Level
   a - Magic Dart                     Conjuration                  1
   b - Blink                          Translocation                2
   c - Call Imp                       Summoning                    2
   d - Slow                           Hexes                        2
   e - Conjure Flame                  Conjuration/Fire             3
   f - Mephitic Cloud                 Conjuration/Poison/Air       3
Comestibles
 d - 2 rations
 k - a chunk of flesh


   Skills:
 - Level 1.7 Dodging
 - Level 1.7 Stealth
 - Level 3.0 Spellcasting
 + Level 4.0 Conjurations
   Level 1.0 Summonings
   Level 0.8 Translocations
 + Level 0.4 Fire Magic
 + Level 0.4 Air Magic
 + Level 0.4 Poison Magic


You had 2 spell levels left.
You knew the following spells:

 Your Spells              Type           Power        Failure   Level  Hunger
a - Magic Dart            Conj           ###.         4%          1    None
c - Conjure Flame         Conj/Fire      ##......     26%         3    ###....
e - Mephitic Cloud        Conj/Pois/Air  #.......     34%         3    ###....


Dungeon Overview and Level Annotations

Branches:
Dungeon (3/15)

Altars:


Innate Abilities, Weirdness & Mutations

You have a pair of small antennae on your head.
A weak demonic guardian rushes to your aid.
You regenerate a little health from kills.


Message History

Things that are here:
a short sword; an orc corpse You butcher the orc corpse.
k - a chunk of flesh
Things that are here:
a short sword; an orc skeleton
Items here: )) [[ † a robe; a dagger; a leather armour; a club; an orc corpse You butcher the orc corpse.
k - 5 chunks of flesh (gained 4)
Items here: )) [[ a robe; a dagger; a leather armour; a club You start resting.
Eating one of 5 chunks of flesh.
You eat one of the 5 chunks of flesh.
This raw flesh tastes terrible.
Magic restored.
Unknown command.
You start resting.
Some of the chunks of flesh in your inventory have rotted away.
A giant cockroach comes into view.
Are you sure you want to abandon this character and quit the game? (Confirm with "yes".)

###### #....####
#..(....####
#..)..#....###
#..@#..###.$....#
#..<.)....!.###..
#...#.)####...
#.....##.# ##..
##....##.)# ##..
#....###... .
#..... ####
..###s ### .


You could see a giant cockroach (wandering).

Vanquished Creatures
  An orc priest (D:3)
  A gnoll (D:1)
  An ooze (D:1)
  3 dart slugs
  An orc (D:3)
  4 bats
  2 giant cockroaches (D:2)
  5 goblins
  2 hobgoblins (D:1)
  A quokka (D:2)
  5 frilled lizards
  6 kobolds
32 creatures vanquished.

Vanquished Creatures (collateral kills)
  An orc wizard (D:3)
  A hobgoblin (D:3)
  A kobold (D:3)
3 creatures vanquished.

Grand Total: 35 creatures vanquished

Notes
Turn   | Place    | Note
-------+----------+-------------------------------------------
     0 | D:1      | letownia3 the Demonspawn Wizard began the quest for the Orb.
     0 | D:1      | Reached XP level 1. HP: 13/13 MP: 4/4
   111 | D:1      | Reached skill level 2 in Conjurations
   169 | D:1      | Gained mutation: You regenerate a little health from kills. [demonic ancestry]
   169 | D:1      | Reached XP level 2. HP: 19/19 MP: 1/6
   536 | D:1      | Reached skill level 3 in Conjurations
   610 | D:1      | Gained mutation: A weak demonic guardian rushes to your aid. [demonic ancestry]
   610 | D:1      | Reached XP level 3. HP: 24/24 MP: 5/7
   616 | D:1      | Learned a level 3 spell: Mephitic Cloud
   620 | D:1      | Learned a level 3 spell: Conjure Flame
   984 | D:3      | Gained mutation: You have a pair of small antennae on your head. [demonic ancestry]
   984 | D:3      | Reached XP level 4. HP: 15/30 MP: 0/8
   990 | D:3      | Reached skill level 4 in Conjurations
  1085 | D:3      | Quit the game

Skill      XL: |  1  2  3  4 |
---------------+-------------+-----
Conjurations   | 2 3 4 |  4.0
Dodging        | |  1.7
Stealth        | |  1.7
Spellcasting   | |  3.0
Summonings     | |  1.0
Translocations | |  0.8
Fire Magic     | |  0.4
Air Magic      | |  0.4
Poison Magic   | |  0.4

Action                   |  1- 3 |  4- 6 || total
-------------------------+-------+-------++-------
Melee: Unarmed           |     9 |       ||     9
       Dagger            |    69 |     6 ||    75
 Cast: Magic Dart        |    57 |     2 ||    59
       Mephitic Cloud    |     2 |       ||     2
  Eat: Chunk             |       |     1 ||     1
Armor: Leather armour    |    41 |     8 ||    49
Dodge: Dodged            |    94 |     8 ||   102
